 Dungeon Crawl Stone Soup version 0.31-a0-626-g8143ab4f1d (webtiles) character file.

Game seed: 13253700387399860513

2 ytrimaz the Ruffian (level 1, -4/13 HPs)
             Began as an Octopode Shapeshifter on Aug 24, 2023.
             Slain by a gnoll
             ... wielding a +0 spear
              (6 damage)
             ... on level 1 of the Dungeon.
             The game lasted 00:00:05 (53 turns).

ytrimaz the Ruffian (Octopode Shapeshifter)           Turns: 53, Time: 00:00:06

Health: -4/13      AC:  1    Str: 14    XL:     1   Next: 40%
Magic:  1/1        EV: 13    Int: 10    God:
Gold:   9          SH:  0    Dex: 12    Spells: 0/0 levels left

rFire   . .          .
                       - Unarmed
rCold   . . .        (no shield)
rNeg    . . .        (helmet currently unavailable)
rPois   .            (no amulet)
rElec   .            (no ring)
rCorr   .            (no ring)
SInv    .            (no ring)
Will    .....        (no ring)
Stlth   ++           (no ring)
HPRegen 0.22/turn    (no ring)
MPRegen 0.07/turn    (no ring)
                     (no ring)

%: no passive effects
@: beast-form
A: beast (slay +1), almost no armour, amphibious, 8 rings, camouflage 1,
gelatinous body 1, (nimble swimmer 1), tentacles
a: Begin Untransformation


You were on level 1 of the Dungeon.
You were a hulking beast.
You visited 1 branch of the dungeon, and saw 1 of its levels.

You collected 9 gold pieces.


Innate Abilities, Weirdness & Mutations

You are a hulking beast.
Your limbs bulge with bestial killing power. (Slay +1)
You cannot wear most types of armour.
You are amphibious.
You can wear up to eight rings at the same time.
Your skin changes colour to match your surroundings (Stealth+).
Your rubbery body absorbs attacks. (AC +1, EV +1)
((You are camouflaged when in or above water. (Stealth+)))
You have tentacles for arms and can constrict up to eight enemies at once.


   Skills:
 - Level 1.0 Fighting
 - Level 2.0 Dodging
 + Level 3.1 Unarmed Combat
 + Level 3.0 Shapeshifting


You couldn't memorise any spells.
You didn't know any spells.
Your spell library was empty.

Inventory:

Talismans
 b - a beast talisman (active)
 c - a flux talisman
Potions
 a - 3 potions of lignification

Dungeon Overview and Level Annotations

Branches:
Dungeon (1/15) Zot: 5946

Altars:

....##.#.# .......#.#
.......#.# .......#.#
### .......#.#+#..#
#...........# .
..##..........#####.
....Kg.h)...........
.[....g.....#.## #.#
♣.............# #.# .
♣.....####.#######.####.
♣....##.........##...##.
♣.....#.........##|..##.
♣..............>##...##.
♣.......................
.....................


You could see a gnoll, a hobgoblin and a kobold.


Message History

🤖 Initializing magus.rc ...
Options error: Delay interrupt name "hungry" not recognised. (~/.crawlrc:4375) Bad monster_list_colour key: strict_neutral Options error: Unknown color in colour mapping: 'purle:scroll.*immolation' Bad channel name 'pray' for runrest: 'pray:' Options error: Missing colour in message_colour setting: 'that.*feels deathly cold' Options error: Missing colour in message_colour setting: 'and you must be Full or above to equip it' Options error: Missing colour in message_colour setting: 'but rights himself reflexively soon after' Options error: Missing colour in message_colour setting: 'before it is too late' ✅ Successfully initialized magus.rc [v1.9.6] Welcome, ytrimaz the Octopode Shapeshifter.
The heart of this dungeon contains the majestic artefact, the Orb of Zot.
Press ? for a list of commands and other information.
Found 9 gold pieces and a knobbly glowing staff.
Found a staircase leading out of the dungeon.
You now have 9 gold pieces.
A goblin comes into view. It is wielding a +0 dagger.
Found two stone staircases leading down.
The goblin shouts!
A goblin is nearby!
A goblin is nearby!
A goblin is nearby!
A goblin is nearby!
The goblin hits you with a +0 dagger. 😕 HP[-1]
You take 1 damage, and now have 12/13 hp.
Unknown command.
You completely miss the goblin. You grab the goblin. You squeeze the goblin.
You kill the goblin!
No target in view!
Things that are here:
a +0 dagger; a goblin corpse No target in view!
Unknown command.
a - 3 potions of lignification (gained 2)
You see here a staff of conjuration. 😎 HP[+1]
Your hp is fully restored (13).
A kobold comes into view. It is wielding a +0 short sword.
A kobold is nearby!
A kobold is nearby!
A kobold is nearby!
A gnoll comes into view. It is wielding a +0 spear.
The gnoll shouts!
The kobold shouts!
There are monsters nearby!
The kobold hits you with a +0 short sword. 😕 HP[-3]
You take 3 damage, and now have 10/13 hp.
MASSIVE DAMAGE!! (PAUSE)
You bludgeon the kobold!
You kill the kobold!
A hobgoblin comes into view.
The gnoll closely misses you.
You see here a +0 short sword.
A kobold comes into view. It is wielding a +0 club.
The gnoll hits you with a +0 spear.
* * * LOW HITPOINT WARNING * * *
😨 HP[-5]
You take 5 damage, and now have 5/13 hp.
MASSIVE DAMAGE!! (PAUSE)
You are too injured to fight recklessly!
The kobold shouts!
You tentacle-slap the gnoll but do no damage.
You grab the gnoll. You constrict the gnoll.
The gnoll hits you with a +0 spear.
* * * LOW HITPOINT WARNING * * *
😱 HP[-3]
You take 3 damage, and now have 2/13 hp.
MASSIVE DAMAGE!! (PAUSE)
You tentacle-slap the gnoll. You constrict the gnoll.
The gnoll barely misses you.
You tentacle-slap the gnoll. You constrict the gnoll.
The gnoll hits you with a +0 spear.
You die...

Action                     || total
---------------------------++-------
  Melee: Unarmed           ||     5
         Constrict         ||     2
         Tentacles         ||     1
  Dodge: Dodged            ||     2

Levels and vault maps discovered:
D:1:      wander_arrival_peaceful_grave, layout_basic,
          kennysheep_decorative_pillar

Notes
Turn   | Place    | Note
-------+----------+-------------------------------------------
     0 | D:1      | ytrimaz the Octopode Shapeshifter began the quest for the
                  | Orb.
     0 | D:1      | Reached XP level 1. HP: 13/13 MP: 1/1
     0 | D:1      | magus.rc [v1.9.6]
    51 | D:1      | HP: 2/13 [gnoll/+0 spear (3)]
    53 | D:1      | Slain by a gnoll

Vanquished Creatures
  A goblin (D:1)
  A kobold (D:1)
2 creatures vanquished.

Table legend:
 A = Non-vault XP
 B = Vault XP
 C = Vault XP percentage of total XP
 D = Non-vault monster count
 E = Vault monster count
 F = Vault count percentage of total count
                 A         B        C        D         E       F
            +---------+---------+-------+---------+---------+-------
      Total |       4 |       0 |   0.0 |       2 |       0 |   0.0
            +---------+---------+-------+---------+---------+-------
        D:1 |       4 |       0 |   0.0 |       2 |       0 |   0.0
            +---------+---------+-------+---------+---------+-------

Action                     || total
---------------------------++-------
  Melee: Unarmed           ||     5
         Constrict         ||     2
         Tentacles         ||     1
  Dodge: Dodged            ||     2

Illustrated notes

Table legend:
 A = Kills in this place as a percentage of kills in the entire game.
 B = Kills by you in this place as a percentage of kills by you in the entire game.
 C = Kills by friends in this place as a percentage of kills by friends in the entire game.
 D = Other kills in this place as a percentage of other kills in the entire game.
 E = Experience gained in this place as a percentage of experience gained in the entire game.
 F = Experience gained in this place divided by the number of levels of this place that you have seen.
                   A       B       C       D       E      F
               +-------+-------+-------+-------+-------+----------------------
         Total | 100.0 | 100.0 |   N/A |   N/A | 100.0 |   4.0
       Dungeon | 100.0 | 100.0 |   N/A |   N/A | 100.0 |   4.0
               +-------+-------+-------+-------+-------+----------------------

Table legend: (Time is in decaauts)
 A = Elapsed time spent in this place.
 B = Non-inter-level travel time spent in this place.
 C = Inter-level travel time spent in this place.
 D = Time resting spent in this place.
 E = Time spent auto-exploring this place.
 F = Levels seen in this place.
 G = Mean time per level.
                   A        B        C        D        E       F      G
               +--------+--------+--------+--------+--------+-----+--------+
         Total |     52 |     52 |      0 |      0 |     36 |   1 |   52.0 |
       Dungeon |     52 |     52 |      0 |      0 |     36 |   1 |   52.0 |
               +--------+--------+--------+--------+--------+-----+--------+

Top non-repeatable levels by time:
     D:1: 52 daAuts
